Map: Lightshade LE

Players

Bunny - Winner!

  • Race: Terran Terran
  • Spawn Location: 11:00

SpeCial

  • Race: Terran Terran
  • Spawn Location: 5:00

Event: IEM Katowice 2021

VOD

Have the link to the VOD?

Description

Time

  • Played on: Feb. 23, 2021, 11:26 a.m.
  • Length: 13:55

All games in this series

Show
View Real Time Build Order
Export as new Build Order

Bunny Terran - Winner!

Build Orders:  

Get SALT Encoding   

  12  0:00  SCV  
  13  0:12  SCV  
  14  0:17  Supply Depot  
  14  0:25  SCV  
  15  0:39  SCV  
  15  0:40  Barracks  
  16  0:44  Refinery  
  16  0:51  SCV  
  16  0:52  Refinery  
  17  1:03  SCV  
  18  1:15  SCV  
  19  1:27  Reaper, Orbital Command  
  19  1:29  Supply Depot  
  20  1:41  Factory  
  20  1:52  SCV  
  21  1:59  Reaper  
  22  2:05  SCV  
  23  2:17  SCV  
  23  2:20  Command Center  
  24  2:24  Hellion  
  24  2:29  SCV  
  27  2:31  Reaper  
  27  2:33  Supply Depot  
  28  2:41  SCV  
  29  2:45  Hellion  
  31  2:55  SCV, Starport  
  32  3:05  Barracks Reactor  
  32  3:07  SCV, Factory Tech Lab  
  33  3:19  SCV  
  34  3:26  Cyclone  
  36  3:31  Starport Tech Lab  
  36  3:32  SCV, Orbital Command  
  36  3:34  Refinery  
  36  3:41  Marine x2  
  38  3:44  SCV  
  36  3:55  Raven  
  36  3:56  SCV  
  36  3:58  SCV, Marine  
  36  3:59  Marine  
  40  4:08  SCV  
  41  4:10  SCV  
  41  4:11  Command Center  
  41  4:15  Siege Tank  
  45  4:20  SCV  
  45  4:21  Marine  
  45  4:22  SCV, Marine  
  49  4:25  Refinery  
  49  4:34  SCV x2  
  49  4:38  Raven  
  53  4:39  Marine  
  53  4:40  Supply Depot  
  53  4:44  Supply Depot  
  54  4:47  Marine  
  54  4:50  SCV  
  54  4:52  SCV  
  54  4:57  Marine  
  54  5:05  SCV  
  54  5:18  SCV, Supply Depot, Siege Tank  
  60  5:25  Orbital Command  
  60  5:28  SCV  
  59  5:30  SCV  
  59  5:31  Viking  
  59  5:32  Marine, Viking  
  59  5:34  Stimpack  
  65  5:40  SCV  
  65  5:41  Supply Depot  
  65  5:42  SCV  
  67  5:51  Marine, Siege Tank  
  67  5:56  Orbital Command  
  71  5:57  SCV x2  
  71  6:01  Viking  
  71  6:02  Viking  
  77  6:04  Supply Depot  
  77  6:09  SCV x2, Marine  
  80  6:21  SCV  
  80  6:22  SCV  
  80  6:24  SCV  
  80  6:25  Siege Tank  
  86  6:30  Barracks  
  86  6:31  Barracks, Marine, Viking  
  86  6:32  Viking  
  91  6:36  Supply Depot  
  91  6:37  SCV x2  
  91  6:38  SCV  
  94  6:47  Engineering Bay  
  94  6:48  Engineering Bay  
  94  6:50  SCV x3  
  87  7:01  Siege Tank  
  87  7:03  Viking x2  
  87  7:07  Marine  
  87  7:08  SCV x3  
  97  7:13  Terran Infantry Weapons Level 1  
  97  7:14  Terran Infantry Armor Level 1  
  97  7:18  Barracks Reactor x2  
  97  7:20  SCV x3  
  100  7:25  Combat Shield  
  100  7:29  Barracks  
  100  7:34  Barracks  
  99  7:39  Siege Tank  
  89  7:48  Marine  
  89  7:50  SCV x3  
  93  7:52  Viking x2  
  93  7:55  Marine  
  93  7:56  Marine x3  
  99  7:59  Refinery x2  
  99  8:04  Armory  
  99  8:05  SCV x3  
  102  8:06  Marine  
  103  8:19  Marine x4, Barracks Reactor  
  104  8:22  Medivac x2  
  104  8:23  Siege Tank  
  104  8:24  Marine  
  115  8:27  SCV x2  
  115  8:31  Supply Depot  
  115  8:32  SCV  
  115  8:34  Supply Depot  
  118  8:37  Marine  
  118  8:41  Marine x3  
  107  8:42  Barracks Reactor  
  103  8:49  Supply Depot  
  103  8:50  Armory  
  103  8:51  Supply Depot  
  103  8:54  Marine  
  103  8:55  Marine  
  105  8:56  Sensor Tower  
  105  8:58  Marine, Siege Tank  
  105  8:59  Marine x2  
  105  9:00  Medivac  
  113  9:02  Medivac  
  113  9:09  Marine x2  
  117  9:11  Marine, Supply Depot  
  117  9:14  Terran Infantry Weapons Level 2  
  118  9:17  Supply Depot  
  118  9:18  Terran Infantry Armor Level 2  
  118  9:22  Marine x6  
  122  9:34  Command Center  
  122  9:35  Marine, Siege Tank  
  126  9:43  Medivac x2  
  126  9:44  Marine x6  
  126  9:45  Marine  
  137  9:46  Marine  
  138  9:53  Marine  
  139  10:01  Marine  
  139  10:02  Marine x5  
  139  10:03  Marine  
  146  10:07  Marine, Siege Tank  
  146  10:08  Terran Vehicle Weapons Level 1  
  146  10:11  Marine  
  151  10:17  Medivac x2  
  151  10:19  Marine x2  
  151  10:20  Marine x5  
  157  10:25  Marine  
  157  10:27  Supply Depot  
  157  10:28  Barracks  
  158  10:29  Marine  
  158  10:30  Barracks, Factory  
  158  10:31  Barracks  
  159  10:37  Marine x3  
  159  10:38  Marine x3  
  159  10:42  Siege Tank  
  153  11:03  SCV  
  153  11:04  SCV x2  
  142  11:07  Marine x7  
  142  11:08  Marine x2  
  149  11:21  Barracks Reactor x2  
  149  11:23  Siege Tank  
  149  11:25  Marine x3  
  151  11:28  Medivac x2  
  151  11:29  Marine x7  
  151  11:31  Factory Tech Lab  
  164  11:43  Marine x3  
  164  11:45  Planetary Fortress  
  164  11:47  Marine x7  
  167  11:50  Siege Tank  
  174  11:55  Siege Tank  
  174  12:00  Medivac x2, Marine  
  174  12:01  Marine  
  174  12:03  Marine x5  
  174  12:04  Marine  
  174  12:05  Marine x3  
  157  12:17  Marine x3  
  157  12:18  Marine  
  157  12:22  Siege Tank  
  156  12:27  Marine, Siege Tank  
  156  12:28  Marine x9  
  165  12:30  Medivac x2  
  165  12:35  SCV x2  
  165  12:36  SCV x2, Sensor Tower  
  173  12:37  Marine  
  173  12:38  Marine x2  
  174  12:47  Marine x4  
  174  12:50  Marine x4  
  174  12:51  Marine x3  
  185  12:55  Marine  
  185  12:56  Marine x2  
  188  13:05  Marine x2  
  187  13:06  Marine x2  
  187  13:08  Marine x6  
  187  13:09  Marine  
  195  13:13  Marine  
  195  13:14  Marine  
  195  13:18  Marine  
  179  13:23  Marine x2  
  179  13:24  Medivac x2, Marine x2  
  179  13:26  Marine x6  
  196  13:47  Command Center  
Show
View Real Time Build Order
Export as new Build Order

SpeCial Terran 

Build Orders: Gas First Reaper Expand 

Get SALT Encoding   

  12  0:00  SCV  
  13  0:12  SCV  
  14  0:18  Supply Depot  
  14  0:24  SCV  
  14  0:27  Refinery  
  15  0:40  SCV  
  16  0:43  Barracks  
  16  0:52  SCV  
  17  1:04  SCV  
  18  1:16  SCV  
  19  1:31  Reaper, Orbital Command  
  20  1:41  Command Center  
  20  1:51  Factory  
  20  1:58  SCV  
  21  2:02  Marine  
  21  2:06  Supply Depot  
  22  2:10  SCV  
  22  2:15  Refinery  
  23  2:27  Marine  
  23  2:28  SCV  
  25  2:34  Hellion  
  25  2:35  Starport  
  27  2:40  SCV  
  28  2:45  Marine  
  29  2:52  SCV  
  29  2:53  Orbital Command  
  29  2:57  Hellion  
  31  3:04  SCV  
  31  3:05  Barracks Tech Lab  
  32  3:16  SCV  
  32  3:19  Refinery  
  33  3:23  Hellion  
  32  3:32  SCV x2  
  33  3:35  Banshee  
  33  3:38  Barracks Tech Lab  
  35  3:44  SCV x2  
  34  3:56  SCV x2  
  34  4:02  Cyclone, Barracks Reactor  
  39  4:04  Supply Depot  
  39  4:08  SCV x2  
  41  4:18  Raven  
  41  4:20  SCV x2  
  41  4:24  Command Center  
  44  4:32  SCV  
  44  4:37  Siege Tank  
  47  4:38  Marine  
  47  4:39  Marine  
  47  4:41  SCV  
  47  4:43  Supply Depot  
  47  4:44  SCV  
  51  4:53  SCV  
  51  4:56  Marine x2  
  54  5:04  Raven, SCV  
  54  5:06  SCV, Supply Depot  
  58  5:10  Siege Tank  
  61  5:16  SCV  
  62  5:28  SCV, Marine x2  
  65  5:29  SCV, Supply Depot  
  65  5:32  Refinery  
  66  5:37  Orbital Command  
  66  5:40  SCV  
  66  5:41  SCV  
  68  5:46  Siege Tank  
  68  5:52  SCV  
  68  5:53  Supply Depot  
  68  5:54  SCV  
  68  5:55  Orbital Command  
  70  5:57  Marine  
  70  5:59  Barracks, Viking x2  
  70  6:00  Barracks  
  75  6:04  SCV  
  75  6:09  SCV  
  77  6:15  Marine  
  77  6:16  SCV, Supply Depot  
  76  6:21  Siege Tank  
  76  6:25  SCV x2  
  79  6:29  SCV, Engineering Bay, Viking x2  
  79  6:30  Engineering Bay  
  83  6:33  Marine  
  83  6:37  SCV x2  
  83  6:39  Stimpack  
  86  6:41  SCV  
  86  6:49  SCV x2  
  86  6:53  SCV, Siege Tank  
  92  7:01  SCV x2, Viking x2  
  90  7:12  SCV  
  90  7:13  SCV x2  
  93  7:15  Barracks Reactor  
  93  7:21  Terran Infantry Weapons Level 1, Terran Infantry Armor Level 1  
  93  7:24  SCV  
  93  7:25  SCV, Siege Tank  
  93  7:27  Barracks Reactor  
  93  7:29  SCV  
  99  7:34  Refinery  
  99  7:36  SCV, Supply Depot  
  99  7:37  Refinery  
  100  7:43  Viking  
  92  7:45  SCV  
  88  7:53  Viking  
  88  7:55  SCV  
  88  7:56  SCV, Marine  
  88  7:57  Marine x2, Siege Tank  
  88  7:58  SCV  
  97  8:04  Marine x2  
  98  8:08  SCV x2  
  98  8:10  SCV  
  99  8:13  Viking  
  99  8:14  Marine x2  
  99  8:15  Marine  
  104  8:22  Medivac, Marine x2  
  106  8:29  Siege Tank  
  106  8:32  Marine x3  
  109  8:37  SCV  
  109  8:39  SCV  
  109  8:40  Marine x2  
  101  8:43  Medivac  
  101  8:44  SCV  
  102  8:49  SCV, Combat Shield, Sensor Tower  
  102  8:50  Marine x3  
  102  8:51  SCV  
  102  8:52  Medivac  
  102  8:55  Barracks  
  109  8:57  Marine x2  
  109  9:00  Armory  
  109  9:01  Command Center  
  109  9:03  Barracks  
  109  9:08  Marine x3  
  111  9:10  Command Center  
  111  9:13  Medivac  
  111  9:15  Marine, Siege Tank  
  117  9:19  Supply Depot  
  117  9:20  Marine  
  117  9:21  Supply Depot  
  117  9:22  Medivac  
  120  9:26  Marine x3  
  120  9:28  SCV x2  
  123  9:33  Marine  
  123  9:36  Missile Turret  
  123  9:38  Marine, Missile Turret  
  125  9:42  Marine  
  125  9:43  Marine  
  125  9:44  Medivac, Marine x2  
  131  9:49  Terran Infantry Weapons Level 2  
  131  9:51  Marine  
  131  9:52  Medivac, Terran Infantry Armor Level 2  
  129  9:54  Barracks Reactor  
  129  9:55  Marine  
  132  10:00  Terran Vehicle Weapons Level 1  
  132  10:01  Marine x3  
  132  10:02  Supply Depot  
  132  10:03  Supply Depot  
  132  10:04  Barracks Reactor  
  133  10:08  Factory  
  133  10:09  Marine  
  133  10:13  Marine  
  135  10:19  Marine x3  
  136  10:24  SCV x2  
  136  10:26  Marine  
  139  10:30  Siege Tank  
  139  10:31  Marine, Viking x2  
  139  10:33  Sensor Tower  
  147  10:37  Marine x2  
  147  10:38  Marine x2  
  147  10:40  Marine x2  
  153  10:44  Marine  
  153  10:45  Supply Depot  
  153  10:49  Marine  
  154  10:55  Marine x2, Barracks Reactor  
  154  10:56  Marine x2  
  141  10:58  Marine x2  
  141  11:02  Marine  
  141  11:03  Siege Tank  
  133  11:07  Marine  
  126  11:12  Marine  
  126  11:13  Marine x2  
  126  11:14  Marine  
  126  11:15  Marine  
  126  11:16  Marine  
  128  11:20  Marine  
  128  11:24  Marine  
  130  11:25  Liberator, Viking  
  130  11:29  Siege Tank  
  130  11:30  Marine x2  
  130  11:31  Marine  
  141  11:33  Marine  
  141  11:35  Siege Tank  
  141  11:36  Marine  
  146  11:40  Marine x3  
  146  11:45  Supply Depot  
  146  11:47  Marine  
  149  11:50  Marine  
  149  11:51  Marine  
  143  11:57  Marine x2  
  143  11:58  Marine x2  
  143  12:00  Marine  
  124  12:01  Marine x2  
  124  12:02  Siege Tank  
  124  12:04  Marine  
  124  12:08  Marine, Siege Tank  
  125  12:09  Marine  
  103  12:15  Marine x3  
  103  12:16  Marine  
  103  12:17  Marine  
  103  12:19  Marine  
  103  12:20  Marine  
  103  12:22  Marine  
  108  12:26  Marine x2  
  108  12:33  Marine x4  
  108  12:34  Siege Tank  
  108  12:35  Marine  
  116  12:37  Marine  
  116  12:38  Marine  
  116  12:43  Marine  
  116  12:44  Marine x2  
  117  12:51  Marine x3  
  119  12:53  Marine x2  
  119  12:56  Marine  
  125  13:00  Marine  
  125  13:01  Medivac  
  115  13:09  Marine  
  115  13:10  Marine  
  116  13:14  Siege Tank  
  116  13:19  Marine x2  
  107  13:21  Marine  
  107  13:22  Marine  
  107  13:23  Marine x3  
  107  13:25  Medivac  
  105  13:35  Marine  

Tags
 
Add a new tag
Caveats
  • Supply blocks, unpowered buildings, or Contaminate may cause inaccurate times.
  • Supply counts are checked every 10 seconds.